 Dungeon Crawl Stone Soup version 0.30-a0-465-g8901f6c8b5 (webtiles) character file.

Game seed: 9654097298135876002

264 PyroL the Grasshopper (level 5, -4/46 HPs)
             Began as a Draconian Warper on Dec 19, 2022.
             Killed from afar by Ijyb (7 damage)
             ... with a puff of flame
             ... on level 3 of the Dungeon.
             The game lasted 00:05:43 (2917 turns).

PyroL the Grasshopper (Draconian Warper)            Turns: 2917, Time: 00:05:43

Health: -4/46      AC:  7    Str: 15    XL:     5   Next: 98%
Magic:  9/9        EV: 12    Int: 14    God:
Gold:   138        SH:  0    Dex: 10    Spells: 4/10 levels left

rFire   . . .      SeeInvis +    i - +2 short sword (elec)
rCold   . . .      Faith    .    (no shield)
rNeg    . . .      Spirit   .    (body armour unavailable)
rPois   .          Reflect  .    (helmet restricted)
rElec   .          Harm     .    j - +0 cloak {Will+}
rCorr   .          Rampage  .    l - +0 pair of gloves
Will    +....                    (no boots)
Stlth   +.........               (no amulet)
HPRegen 0.27/turn                k - ring of see invisible
MPRegen 0.11/turn                (no ring)

@: flying, hasted, very quick
A: AC +5, unfitting armour, cold-blooded
a: no special abilities


You were on level 3 of the Dungeon.
You visited 1 branch of the dungeon, and saw 3 of its levels.

You collected 138 gold pieces.

Inventory:

Hand Weapons
 i - a +2 short sword of electrocution (weapon)
Missiles
 c - 12 boomerangs of dispersal (quivered)
Armour
 j - a +0 cloak of willpower (worn)
 l - a +0 pair of gloves (worn)
Jewellery
 k - a ring of see invisible (left hand)
Scrolls
 a - a scroll of noise {unknown}
 b - 2 scrolls of blinking
 d - a scroll of fear {unknown}
 f - a scroll of teleportation
 h - a scroll of enchant armour {unknown}
 o - a scroll of amnesia {unknown}
Potions
 g - a potion of might {unknown}
 m - a potion of brilliance
 n - a potion of flight
 p - a potion of mutation {unknown}


   Skills:
 + Level 3.8 Fighting
 - Level 2.0 Maces & Flails
 - Level 0.8 Throwing
 - Level 2.1 Dodging
 + Level 3.3 Spellcasting
 * Level 5.2 Translocations


You had 4 spell levels left.
You knew the following spells:

 Your Spells              Type           Power      Damage    Failure   Level
a - Blink                 Tloc           32%        N/A       3%          2
b - Manifold Assault      Tloc           16%        N/A       24%         4

Your spell library contained the following spells:

 Spells                   Type           Power      Damage    Failure   Level
 Gell's Gravitas          Tloc           16%        N/A       8%          3
 Lesser Beckoning         Tloc           32%        N/A       8%          3
 Teleport Other           Tloc           16%        N/A       8%          3
 Vhi's Electric Charge    Tloc/Air       18%        N/A       22%         3
 Dispersal                Tloc           8%         N/A       98%         6


Dungeon Overview and Level Annotations

Branches:
Dungeon (3/15)

Altars:

Shops:
D:1 :

Annotations:
D:3 Ijyb


Innate Abilities, Weirdness & Mutations

Your plain brown scales are hard. (AC +5)
You cannot fit into any form of body armour.
You are cold-blooded and may be slowed by cold attacks.


Message History

You see here 4 stones.
Okay, then.
Ijyb shouts!
Ijyb screams, "It's all mine!"
Ijyb screams, "Me very upset!"
Ijyb zaps a wand.
The puff of flame hits you!
Ijyb is nearby!
Ijyb is nearby!
You start resting.
Ijyb is nearby!
You barely miss Ijyb. Ijyb hits you with a +0 club.
You barely miss Ijyb. Ijyb hits you with a +0 club.
You completely miss Ijyb. You tail-slap Ijyb, but do no damage.
Ijyb hits you with a +0 club.
You hit Ijyb but do no damage. Ijyb misses you.
You closely miss Ijyb.
Ijyb zaps a wand.
The puff of flame hits you.
You barely miss Ijyb. Ijyb hits you with a +0 club.
* * * LOW HITPOINT WARNING * * *
You barely miss Ijyb. You tail-slap Ijyb, but do no damage.
Ijyb hits you with a +0 club.
* * * LOW HITPOINT WARNING * * *
You closely miss Ijyb.
Ijyb zaps a wand.
The puff of flame misses you.
You hit Ijyb but do no damage.
Your tail-slap misses Ijyb.
Ijyb hits you with a +0 club.
* * * LOW HITPOINT WARNING * * *
You barely miss Ijyb. Ijyb completely misses you.
You hit Ijyb but do no damage.
Ijyb zaps a wand.
The puff of flame hits you!
* * * LOW HITPOINT WARNING * * *
Unknown command.
You closely miss Ijyb.
Ijyb zaps a wand.
The puff of flame hits you.
* * * LOW HITPOINT WARNING * * *
Unknown command.
It was a potion of flight.
You feel very buoyant.
You fly up into the air.
Ijyb hits you but does no damage.
It was a potion of haste.
You feel yourself speed up. Ijyb hits you with a +0 club.
* * * LOW HITPOINT WARNING * * *
Ijyb zaps a wand.
The puff of flame hits you!
You die...

###.###.#.#..... #.
......#.#..##. #.#
##.##.......... #.#
#.)........... #.#
###.#..##...... #.#
#............## #.#
#.#.#........##
##.###.#............
#..@.g..............
##.###.###..####....
#..........)##......
#######..#........#.
#........##..#.
#.........#<.#.
#...~~~~.......
#...~~~~⌠....##
#...~~~~......)


You could see Ijyb.

Vanquished Creatures
  Sigmund (D:2)
  4 gnolls (D:2)
  An adder (D:3)
  A worm (D:2)
  4 orcs
  3 ball pythons (D:1)
  6 bats
  4 endoplasms (D:1)
  2 giant cockroaches
  6 goblins
  5 hobgoblins
  8 kobolds
  A quokka (D:2)
  2 frilled lizards (D:1)
  2 rats (D:2)
50 creatures vanquished.

Notes
Turn   | Place    | Note
-------+----------+-------------------------------------------
     0 | D:1      | PyroL the Draconian Warper began the quest for the Orb.
     0 | D:1      | Reached XP level 1. HP: 17/17 MP: 3/3
   235 | D:1      | Reached XP level 2. HP: 25/25 MP: 5/5
   238 | D:1      | Learned a level 2 spell: Blink
   423 | D:1      | Found Caddor's Book Boutique.
   983 | D:1      | Reached XP level 3. HP: 27/30 MP: 6/6
  1654 | D:2      | Noticed Sigmund
  1663 | D:2      | Killed Sigmund
  1664 | D:2      | Reached skill level 4 in Translocations
  1664 | D:2      | Reached XP level 4. HP: 23/40 MP: 6/8
  1664 | D:2      | Reached XP level 5. HP: 26/46 MP: 6/9
  1796 | D:2      | Reached skill level 5 in Translocations
  2236 | D:3      | Learned a level 4 spell: Manifold Assault
  2728 | D:3      | Noticed Ijyb
  2916 | D:3      | HP: 2/46 [Ijyb/+0 club (3)]
  2917 | D:3      | Killed from afar by Ijyb

Illustrated notes

Levels and vault maps discovered:
D:1:      grunt_arrival_crossed_arrows, layout_basic, serial_shops,
          nicolae_diamond_shop, corner_web_ring, minmay_misc_feat_alley,
          dk_noncrumbling_3, chequers_garden, minmay_misc_feat_columns,
          minmay_pentomino_x4
D:2:      layout_basic, uniq_sigmund
D:3:      wad_lake_hut, layout_basic, serial_park_tiny_pond, chequers_big_river,
          uniq_ijyb

Skill      XL: |  1  2  3  4  5 |
---------------+----------------+-----
Fighting       | 3 |  3.8
Spellcasting   | 3 |  3.3
Translocations | 4 5 |  5.2
Maces & Flails | |  2.0
Throwing       | |  0.8
Dodging        | |  2.1

Action                   |  1- 3 |  4- 6 || total
-------------------------+-------+-------++-------
Melee: Mace              |    51 |       ||    51
       Tailslap          |     9 |     6 ||    15
       Short sword       |    56 |    67 ||   123
       Punch             |       |     1 ||     1
  Use: Scroll            |     1 |       ||     1
       Potion            |     2 |     2 ||     4
 Stab: Sleeping          |     2 |     1 ||     3
Armor: Skin              |    34 |    18 ||    52
Dodge: Dodged            |    72 |    41 ||   113

Table legend: (Time is in decaauts)
 A = Elapsed time spent in this place.
 B = Non-inter-level travel time spent in this place.
 C = Inter-level travel time spent in this place.
 D = Time resting spent in this place.
 E = Time spent auto-exploring this place.
 F = Levels seen in this place.
 G = Mean time per level.
                   A        B        C        D        E       F      G
               +--------+--------+--------+--------+--------+-----+--------+
         Total |   2970 |   2875 |     95 |    679 |   1611 |   3 |  990.0 |
       Dungeon |   2970 |   2875 |     95 |    679 |   1611 |   3 |  990.0 |
               +--------+--------+--------+--------+--------+-----+--------+

Top non-repeatable levels by time:
     D:1: 1273 daAuts
     D:2: 930 daAuts
     D:3: 766 daAuts
